 Dungeon Crawl Stone Soup version 0.25-a0-251-g572059c (webtiles) character file.

Game seed: 16074471209143805415, levelgen mode: deterministic

688334 HungryMoth the Middleweight Champion (level 27, -5/330 (331) HPs)
             Began as a Purple Draconian Transmuter on Dec 5, 2019.
             Was the Champion of Wu Jian.
             Slain by a death cob (11 damage)
             ... on level 2 of the Realm of Zot.
             The game lasted 05:00:07 (73268 turns).

HungryMoth the Middleweight Champion (DrTm)        Turns: 73268, Time: 05:00:07

HP:   -5/330 (331)  AC: 23    Str: 41    XL:     27
MP:   40/41         EV: 15    Int: 16    God:    Wu Jian [******]
Gold: 1945          SH:  0    Dex: 12    Spells: 17/54 levels left

rFire    + . .     SeeInvis +     - Unarmed
rCold    . . .     Gourm    .   (shield currently unavailable)
rNeg     + + .     Faith    .   (armour unavailable)
rPois    +         Spirit   .   (helmet currently unavailable)
rElec    .         Reflect  .   (cloak currently unavailable)
rCorr    .         Harm     .   (gloves currently unavailable)
MR       ++++.                  (boots currently unavailable)
Stlth    +++.......             b - amulet "Ceedghet" {Regen+ Str+4}
HPRegen  1.05/turn              a - ring of Trepidation {+Inv rF+ Str+4 SInv Stlth+}
MPRegen  0.27/turn              i - ring of Xom's Capriciousness {rN++ Stlth+}

@: lethally poisoned (-5 -> -5), dragon-form (expiring), flying, hasted and
slowed
A: giant, breathe power, unfitting armour, frail 1, no potion heal 1, AC +13
}: 5/15 runes: decaying, serpentine, slimy, silver, abyssal
a: Breathe Dispelling Energy, End Transformation, Wall Jump, Serpent's Lash,
Heavenly Storm, Renounce Religion, Evoke Invisibility


You were on level 2 of the Realm of Zot.
You worshipped Wu Jian.
Wu Jian was exalted by your worship.
You were not hungry.
You were a fearsome dragon!
You visited 12 branches of the dungeon, and saw 53 of its levels.
You visited the Abyss 1 time.
You visited 1 bazaar.
You also visited: Trove and Ice Cave.

You collected 7174 gold pieces.
You spent 5229 gold pieces at shops.

Inventory:

Armour
 k - the -2 hat of the Alchemist (melded) {rElec rPois rF+ rC+ rN+ MR+ rMut rCorr}
   (You found it in an ice cave)

   It protects you from fire.
   It protects you from cold.
   It insulates you from electricity.
   It protects you from poison.
   It protects you from negative energy.
   It affects your resistance to hostile enchantments.
   It provides partial protection from all sources of acid and corrosion.
   It protects you from mutation.
 q - a scarf of repulsion (melded)
 H - the +2 pair of boots of an ice cave (melded) {+Fly}
   (You found it in a treasure trove)

   It lets you fly.
 R - a +0 pair of gloves (melded)
Magical Staves
 Q - an uncursed staff of energy (melded)
Jewellery
 a - the ring of Trepidation (left foreclaw) {+Inv rF+ Str+4 SInv Stlth+}
   (You acquired it on level 1 of the Elven Halls)

   [ring of protection from fire]

   It affects your strength (+4).
   It protects you from fire.
   It lets you see invisible.
   It lets you turn invisible.
   It makes you more stealthy.
 b - the amulet "Ceedghet" (around neck) {Regen+ Str+4}
   (You acquired it on level 1 of the Elven Halls)

   [amulet of regeneration]

   It affects your strength (+4).
   It increases your rate of regeneration.
 g - the ring of Yruo {Str+2 Dex+6 Slay+4 Stlth-}
   (You acquired it on level 1 of the Elven Halls)

   [ring of slaying]

   It affects your strength (+2).
   It affects your dexterity (+6).
   It affects your accuracy and damage with ranged weapons and melee attacks
   (+4).
   It makes you less stealthy.
 h - an uncursed ring of positive energy
 i - the ring of Xom's Capriciousness (right foreclaw) {rN++ Stlth+}
   (You bought it in a shop on level 1 of the Snake Pit)

   [ring of stealth]

   It greatly protects you from negative energy.
   It makes you more stealthy.
 m - an uncursed ring of protection from cold
 z - an uncursed ring of resist corrosion
 D - the amulet "Lahairuy" {rC+ Regen+ SInv}
   (You found it on level 4 of the Depths)

   [amulet of regeneration]

   It protects you from cold.
   It lets you see invisible.
   It increases your rate of regeneration.
 G - a +4 amulet of reflection
 Y - the ring "Enuumon" {rPois rF+ rC- Int+4 Dex+4}
   (You acquired it on level 1 of the Elven Halls)

   [ring of intelligence]

   It affects your intelligence (+4).
   It affects your dexterity (+4).
   It protects you from fire.
   It makes you vulnerable to cold.
   It protects you from poison.
Wands
 o - a wand of iceblast (77)
 A - a wand of acid (51)
 C - a wand of clouds (5)
 E - a wand of flame (171)
 N - a wand of scattershot (6)
 P - a wand of random effects (113)
 T - a wand of digging (19)
Scrolls
 d - 9 scrolls of identify
 j - 10 scrolls of fog
 n - 28 scrolls of remove curse
 w - 14 scrolls of teleportation
 I - 9 scrolls of fear
 J - 9 scrolls of immolation
 K - 4 scrolls of enchant armour
 M - 8 scrolls of magic mapping
 O - 3 scrolls of blinking
 S - 5 scrolls of silence
 V - 2 scrolls of holy word
 Z - 3 scrolls of summoning
Potions
 e - 15 potions of curing
 l - 6 potions of heal wounds
 p - 4 potions of might
 r - 2 potions of haste
 s - 7 potions of brilliance
 t - 11 potions of resistance
 u - 5 potions of cancellation
 v - 2 potions of agility
 x - 2 potions of invisibility
 F - a potion of berserk rage
 L - 2 potions of magic
 U - 4 potions of flight
 W - 8 potions of mutation
 X - a potion of ambrosia
Comestibles
 c - 70 rations
 B - 8 chunks of flesh


   Skills:
 - Level 20.0 Fighting
 - Level 20.0 Dodging
 O Level 27 Unarmed Combat
 + Level 14.4 Spellcasting
 + Level 10.3 Conjurations
 - Level 20.0 Transmutations
 * Level 16.2 Ice Magic


You had 17 spell levels left.
You knew the following spells:

 Your Spells              Type           Power        Failure   Level  Hunger
a - Beastly Appendage     Tmut           ######       0%          1    None
b - Sticks to Snakes      Tmut           ######..     0%          2    None
c - Spider Form           Tmut/Pois      #####.....   1%          3    None
d - Blade Hands           Tmut           ######....   1%          5    ####...
e - Ice Form              Ice/Tmut       ######..     1%          4    #......
f - Dragon Form           Tmut           ######....   1%          7    #######
g - Statue Form           Tmut/Erth      #####....    14%         6    ######.
h - Glaciate              Conj/Ice       ######....   100%        9    #######

Your spell library contained the following spells:

 Spells                   Type           Power        Failure   Level  Hunger
 Freeze                   Ice            ####         0%          1    None
 Foxfire                  Conj/Fire      ####         1%          1    None
 Magic Dart               Conj           ####         1%          1    None
 Shock                    Conj/Air       ####         1%          1    None
 Ensorcelled Hibernation  Hex/Ice        #####.       1%          2    None
 Passwall                 Tmut/Erth      #####...     1%          2    None
 Searing Ray              Conj           #####.       1%          2    None
 Conjure Flame            Conj/Fire      ####....     1%          3    None
 Dazzling Flash           Conj/Hex       ####..       1%          3    None
 Ignite Poison            Fire/Tmut/Pois ####....     1%          3    None
 Ozocubu's Armour         Chrm/Ice       #####...     1%          3    None
 Static Discharge         Conj/Air       ####....     1%          3    None
 Stone Arrow              Conj/Erth      ####..       1%          3    None
 Hailstorm                Conj/Ice       ######..     1%          4    #......
 Petrify                  Tmut/Erth      #####...     1%          4    #......
 Summon Ice Beast         Ice/Summ       #####...     1%          4    #......
 Irradiate                Conj/Tmut      ######....   1%          5    ####...
 Hydra Form               Tmut           ######....   1%          6    ######.
 Alistair's Intoxication  Tmut/Pois      #####...     2%          5    ####...
 Yara's Violent Unravell  Hex/Tmut       #####.....   2%          5    ####...
 Animate Skeleton         Necr           N/A          6%          1    None
 Apportation              Tloc           ##....       6%          1    None
 Confusing Touch          Hex            ##....       6%          1    None
 Corona                   Hex            ##.....      6%          1    None
 Pain                     Necr           ##..         6%          1    None
 Sandblast                Erth           ##....       6%          1    None
 Summon Butterflies       Summ           ##......     6%          1    None
 Summon Small Mammal      Summ           ##..         6%          1    None
 Metabolic Englaciation   Hex/Ice        #####.....   6%          5    ####...
 Fulminant Prism          Conj/Hex       ####......   7%          4    #......
 Iskenderun's Mystic Bla  Conj/Tloc      ####....     7%          4    #......
 Sticky Flame             Conj/Fire      ####....     7%          4    #......
 Blink                    Tloc           N/A          9%          2    None
 Corpse Rot               Necr/Air       N/A          9%          2    None
 Poisonous Vapours        Pois/Air       ##....       9%          2    None
 Shroud of Golubria       Chrm/Tloc      ##....       9%          2    None
 Slow                     Hex            ##......     9%          2    None
 Sublimation of Blood     Necr           ##........   9%          2    None
 Swiftness                Chrm/Air       ##......     9%          2    None
 Eringya's Noxious Bog    Tmut/Pois      #####.....   14%         6    ######.
 Call Canine Familiar     Summ           ##......     17%         3    None
 Confuse                  Hex            ##......     17%         3    None
 Gell's Gravitas          Tloc           ##........   17%         3    None
 Inner Flame              Hex/Fire       ##......     17%         3    None
 Lesser Beckoning         Tloc           ##........   17%         3    None
 Portal Projectile        Hex/Tloc       ##....       17%         3    None
 Recall                   Summ/Tloc      N/A          17%         3    None
 Regeneration             Chrm/Necr      ##........   17%         3    None
 Teleport Other           Tloc           ##......     17%         3    None
 Tukima's Dance           Hex            ##......     17%         3    None
 Vampiric Draining        Necr           ##........   17%         3    None
 Fireball                 Conj/Fire      ####......   19%         5    ####...
 Iskenderun's Battlesphe  Conj/Chrm      ####....     19%         5    ####...
 Lightning Bolt           Conj/Air       ####......   19%         5    ####...
 Simulacrum               Ice/Necr       #####.....   32%         6    ######.
 Bolt of Magma            Conj/Fire/Erth ###.......   36%         5    ####...
 Airstrike                Air            ##........   50%         4    #......
 Animate Dead             Necr           N/A          50%         4    #......
 Cause Fear               Hex            ##........   50%         4    #......
 Leda's Liquefaction      Hex/Erth       ##........   50%         4    #......
 Passage of Golubria      Tloc           N/A          50%         4    #......
 Orb of Destruction       Conj           #####.....   56%         7    #######
 Iron Shot                Conj/Erth      ####......   71%         6    ######.
 Starburst                Conj/Fire      ####......   71%         6    ######.
 Agony                    Necr           ##......     85%         5    ####...
 Borgnjor's Vile Clutch   Necr/Erth      ##........   85%         5    ####...
 Dispel Undead            Necr           ##......     85%         5    ####...
 Excruciating Wounds      Chrm/Necr      ##........   85%         5    ####...
 Lee's Rapid Deconstruct  Erth           ##........   85%         5    ####...
 Silence                  Hex/Air        ##........   85%         5    ####...
 Summon Forest            Summ/Tloc      ##........   85%         5    ####...
 Summon Mana Viper        Hex/Summ       ##......     85%         5    ####...
 Spellforged Servitor     Conj/Summ      ####......   99%         7    #######
 Darkness                 Hex            ##........   100%        6    ######.
 Death Channel            Necr           ##........   100%        6    ######.
 Invisibility             Hex            ##......     100%        6    ######.
 Shadow Creatures         Summ           N/A          100%        6    ######.
 Malign Gateway           Summ/Tloc      ##........   100%        7    #######
 Monstrous Menagerie      Summ           ##........   100%        7    #######
 Ring of Flames           Chrm/Fire      ##........   100%        7    #######
 Summon Greater Demon     Summ           ##........   100%        7    #######
 Summon Hydra             Summ           ##........   100%        7    #######
 Chain Lightning          Conj/Air       ####......   100%        8    #######
 Ignition                 Fire           ##........   100%        8    #######
 Lehudib's Crystal Spear  Conj/Erth      ####......   100%        8    #######
 Summon Horrible Things   Summ           ##........   100%        8    #######
 Dragon's Call            Summ           ##........   100%        9    #######
 Fire Storm               Conj/Fire      ####......   100%        9    #######
 Shatter                  Erth           ##........   100%        9    #######
 Tornado                  Air            ##........   100%        9    #######


Dungeon Overview and Level Annotations

Branches:
Dungeon (15/15)            Temple (1/1) D:7            Lair (6/6) D:10
  Swamp (4/4) Lair:4        Snake (4/4) Lair:4        Slime (5/5) Lair:5
    Orc (2/2) D:9             Elf (3/3) Orc:2        Vaults (5/5) D:13
  Crypt (0/3) Vaults:3     Depths (5/5) D:15           Hell (visited)
    Dis (0/7) Hell            Geh (0/7) Hell            Coc (0/7) Hell
    Tar (0/7) Hell            Zot (2/5) Depths:5      IceCv (visited)

Altars:
Ashenzari
Cheibriados
Dithmenos
Elyvilon
Fedhas
Gozag
Hepliaklqana
Kikubaaqudgha
Makhleb
Nemelex Xobeh
Okawaru
Qazlal
Ru
Sif Muna
Trog
Uskayaw
Vehumet
Wu Jian
Xom
Yredelemnul
Zin
The Shining One
Beogh
Jiyva

Shops:
D:4 *   D:14 *   Orc:1 %   Orc:2 =(*[   Swamp:3 *   Snake:1 =}=   Snake:4 !%:[
Vaults:1 :   Vaults:3 *(%

Portals:
Hell: Depths:1 Depths:2 Depths:3 Depths:4 Depths:5
Abyss: Depths:1 Depths:4
Pandemonium: Depths:2 Depths:3 Depths:4 Depths:5
Ziggurat: Depths:4

Annotations:
D:4 1 runed translucent door, Pooter's ghost, amateur HOFE
Orc:1 2 runed translucent doors, exclusion: orange crystal statue


Innate Abilities, Weirdness & Mutations

You can breathe bolts of dispelling energy.
Your rich purple scales are hard. (AC +13)
You cannot fit into any form of body armour.
((You are cold-blooded and may be slowed by cold attacks.))
You are frail. (-10% HP)
Potions are less effective at restoring your health.


Message History

The death cob misses you. The death cob completely misses you.
You feel sick. The death cob closely misses you.
A tentacled monstrosity opens the door.
There is a huge open gate here.
You feel sick.
A death cob opens the door.
A white draconian monk opens the door.
There is a huge open gate here.
You feel sick.
The death cob hits you but does no damage.
A red draconian scorcher opens the door.
You feel sick. The death cob misses you.
The death cob hits you but does no damage.
You feel sick.
The death cob hits you but does no damage.
There is a stone staircase leading up here.
You feel less exhausted.
The heavenly storm settles.
You feel sick. The death cob barely misses you. The death cob hits you!
You die...

.....##.........#####
.....##.#####.......#
.....##.# #######.#
.....##.# #.# .....##.#
#.# .....#))# #.#
.....#)## #.# ######)###
########.##### .....>)..#
#.§§§D§☼.....# #.####...#
#.##z#######.# *,*
##..###.##q☼§## ##.## *,*
#......##☼#☼.###...# *,*
#.######§L☼§''''''^# *,*
###'#### #§q§'+++++'.# ,,*
#......# #☼X'q''+++'.# ***
#......###§qdq...++'.#
****#......'§§○L8.([.++'##


You could see a death cob and a purple draconian annihilator.

Vanquished Creatures
  the Royal Jelly (Slime:5)
  Dissolution (Slime:5)
  2 ancient liches
  An orb of fire (Zot:2)
  Mara (Swamp:4)
  2 juggernauts (Depths:3)
  Saint Roka (Depths:5)
  the Lernaean hydra (Swamp:4)
  3 caustic shrikes
  Geryon (Hell)
  2 golden dragons
  Jory (Depths:3)
  8 tentacled monstrosities
  5 liches
  Rupert (D:15)
  A Hell Sentinel (Abyss:3)
  The ghost of Anno the Warrior, an adept MfGl of Fedhas (Snake:4)
  3 titans
  2 quicksilver dragons
  A deep elf master archer (Elf:3)
  3 deep elf blademasters (Elf:3)
  12 acid blobs
  6 tentacled starspawn
  3 death cobs (Zot:1)
  7 sphinxes
  Gastronok (Lair:1)
  Kirke (Snake:1)
  Agnes (D:14)
  A draconian monk (Zot:2)
  Donald (Orc:2)
  A thorn hunter (Swamp:4)
  12 tengu reavers
  9 shadow dragons
  2 revenants
  9 storm dragons
  8 nagarajas
  8 azure jellies
  Aizul (Snake:1)
  2 draconian scorchers (Zot:2)
  A ghost moth (shapeshifter) (Depths:3)
  6 fire giants
  2 orc warlords
  6 deep elf sorcerers
  A balrug (Depths:3)
  10 frost giants
  16 vault wardens
  An emperor scorpion (shapeshifter) (Depths:3)
  5 iron dragons
  A draconian shifter (Depths:5)
  Louise (Swamp:3)
  4 deep elf elementalists (Elf:3)
  2 reapers (Hell)
  A draconian stormcaller (Depths:5)
  3 war gargoyles
  An ophan (Abyss:1)
  2 draconian annihilators
  2 spriggan defenders
  An entropy weaver (shapeshifter) (Depths:2)
  30 very ugly things
  15 ironheart preservers
  The ghost of Lasma the Nimble, a journeyman DrTm of Wu Jian (D:14)
  21 stone giants
  6 entropy weavers
  2 green draconians
  Nessos (Lair:4)
  3 red draconians
  11 deep elf demonologists
  9 spark wasps
  7 purple draconians
  A lorocyproca (Hell)
  6 yellow draconians
  4 black draconians
  7 deep elf annihilators
  3 white draconians
  7 vampire knights
  A minotaur (Orc:2)
  The ghost of jasper the Cleaver, a journeyman MiGl of Ashenzari (Orc:2)
  14 fire dragons
  10 deep elf death magi
  13 ettins
  An eidolon (Abyss:2)
  2 merfolk javelineers (Depths:5)
  2 quicksilver dragon zombies
  Josephine (Orc:2)
  A crystal guardian (Vaults:3)
  8 deep elf high priests
  A green death (Hell)
  3 jiangshi
  5 death oozes
  A kraken zombie (Hell)
  5 rakshasas
  9 ice dragons
  Harold (Lair:1)
  17 yaktaur captains
  Fannar (Lair:3)
  11 great orbs of eyes
  20 naga warriors
  23 hydras
  3 shambling mangroves
  6 spriggan air magi
  A ghost crab (Swamp:3)
  A hell beast (Depths:4)
  Erica (D:8)
  A catoblepas (D:14)
  32 vault guards
  11 anacondas
  15 ogre magi
  8 centaur warriors
  10 hell hogs
  28 dancing weapons
  32 two-headed ogres
  6 death knights
  6 vampire magi
  16 alligators
  9 deep troll earth magi
  9 deep troll shamans
  6 thrashing horrors
  3 tengu warriors
  Urug (Lair:4)
  14 death yaks
  5 spriggan berserkers
  2 iron golems (Hell)
  5 orc high priests
  11 naga sharpshooters
  11 shock serpents
  A shock serpent (shapeshifter) (Vaults:4)
  2 soul eaters
  26 deep elf knights
  10 wretched stars
  A fire crab (shapeshifter) (Elf:3)
  Nergalle (D:10)
  A sixfirhy (Abyss:3)
  26 hell knights
  A skeletal warrior (Vaults:3)
  2 shadow wraiths
  2 death drakes (shapeshifter)
  A fire crab (Lair:6)
  An anaconda zombie (Hell)
  3 golden dragon zombies (Hell)
  4 iron trolls
  27 small abominations
  3 spatial maelstroms
  8 salamander mystics
  5 sea snakes
  2 spark wasp zombies
  15 unseen horrors
  10 glowing orange brains
  A deep troll (shapeshifter) (Vaults:5)
  41 starcursed masses
  15 deep trolls
  7 naga ritualists
  3 unseen horrors (shapeshifter)
  13 wizards
  3 flayed ghosts
  12 swamp dragons
  2 anaconda skeletons (Hell)
  16 deep elf archers
  Pikel (D:7)
  A harpy (Vaults:1)
  14 ironbrand convokers
  A mana viper (shapeshifter) (Depths:3)
  A harpy (shapeshifter) (Vaults:3)
  A frost giant zombie (Hell)
  13 orc knights
  58 deep elf magi
  3 phantasmal warriors
  A salamander (shapeshifter) (D:11)
  7 mana vipers
  9 necromancers
  33 ugly things
  4 manticores
  2 worldbinders (Abyss:3)
  5 moths of wrath
  11 orc sorcerers
  7 cyclopes
  18 salamanders
  Maurice (D:8)
  3 shining eyes
  4 elephants (Lair:4)
  A moth of wrath (shapeshifter) (Depths:3)
  An elephant (shapeshifter) (Depths:5)
  5 rust devils (Hell)
  4 apocalypse crabs
  12 guardian serpents
  A water nymph (shapeshifter) (Elf:3)
  38 black mambas
  18 vault sentinels
  A guardian serpent (shapeshifter) (Depths:2)
  A titan simulacrum (Abyss:2)
  6 smoke demons
  An orange demon (Abyss:3)
  13 spiny frogs
  5 eyes of devastation
  2 ice statues (IceCv)
  3 molten gargoyles (Lair:6)
  23 naga magi
  2 centaur skeletons
  3 kobold demonologists
  51 yaktaurs
  2 hellions
  A yaktaur zombie (Hell)
  4 efreet
  7 hellwings
  3 rime drakes
  13 komodo dragons
  5 ancient zymes
  13 freezing wraiths
  3 komodo dragons (shapeshifter)
  2 tengu conjurers
  An anaconda simulacrum (Hell)
  10 trolls
  4 red devils
  11 ice devils
  A queen bee (Abyss:3)
  15 polar bears
  A hydra zombie (Hell)
  5 meliai (Abyss:3)
  2 wind drakes (shapeshifter)
  A meliai (shapeshifter) (Depths:1)
  22 large abominations
  8 tyrant leeches
  15 hornets
  A raiju (shapeshifter) (Vaults:5)
  18 bog bodies
  A frost giant simulacrum (Vaults:2)
  6 raiju (Abyss:3)
  An ettin zombie (Hell)
  101 slime creatures
  2 hydra skeletons (Hell)
  2 deep troll zombies (Hell)
  11 hippogriffs
  2 fire dragon zombies (Hell)
  A blink frog (shapeshifter) (Vaults:4)
  7 blink frogs
  An ice dragon zombie (Hell)
  A centaur simulacrum (D:12)
  2 redbacks (Vaults:4)
  8 water elementals
  6 air elementals
  A redback (shapeshifter) (Vaults:2)
  A tarantella (Vaults:4)
  A tarantella (shapeshifter) (Vaults:3)
  6 wyverns
  5 spriggans
  55 yaks
  2 spriggans (shapeshifter)
  6 ynoxinuls
  A yak (shapeshifter) (Depths:2)
  9 wraiths
  6 basilisks
  5 golden eyes (Slime:5)
  A hog (shapeshifter) (Vaults:1)
  10 fire elementals
  4 hogs (Snake:1)
  7 humans (D:13)
  5 neqoxecs
  Grum (D:8)
  3 chaos spawn
  A human (shapeshifter) (Vaults:2)
  4 hungry ghosts
  A steam dragon (Lair:6)
  2 human simulacra
  26 vampire mosquitoes
  6 spatial vortices
  6 insubstantial wisps
  7 wargs
  19 swamp worms
  77 nagas
  3 tengu zombies (Hell)
  26 water moccasins
  12 hell hounds
  3 floating eyes
  A porcupine (Lair:2)
  12 swamp drakes
  3 spiny frog zombies (Hell)
  2 sky beasts
  A black bear (shapeshifter) (Abyss:2)
  A meliai simulacrum (D:14)
  2 spiny frog skeletons (Hell)
  56 orc warriors
  6 eyes of draining
  3 slaves (D:7)
  4 ice beasts
  A black mamba simulacrum (Abyss:3)
  A necrophage (D:9)
  2 phantoms
  8 boggarts
  33 ogres
  19 wolves
  16 centaurs
  11 crocodiles
  20 big kobolds
  6 gnoll sergeants (D:9)
  2 earth elementals
  18 bullfrogs
  A deep troll simulacrum (Vaults:2)
  6 scorpions
  A water moccasin skeleton (D:10)
  11 wights
  12 killer bees
  An electric eel (Snake:3)
  2 howler monkeys
  5 bullfrog zombies
  10 crimson imps
  4 lava snakes (Lair:6)
  5 centaur zombies
  5 quasits
  3 jellies
  A gnoll shaman (D:6)
  4 hounds
  Crazy Yiuf (D:2)
  40 orc priests
  2 bullfrog skeletons
  4 iron imps
  39 orc wizards
  16 worker ants
  2 iguanas
  Natasha (thrice) (D:2)
  A hound skeleton (D:11)
  A worker ant zombie (D:8)
  A howler monkey skeleton (D:7)
  13 adders
  10 gnolls
  A river rat (Lair:1)
  5 shadow imps
  5 white imps
  4 ufetubi
  7 oozes
  An adder skeleton (D:5)
  3 worms
  2 dart slugs
  3 leopard geckos
  131 orcs
  3 giant cockroaches
  5 hobgoblins
  4 jackals (D:4)
  6 quokkas
  3 bats
  7 frilled lizards
  9 goblins
  45 kobolds
  A quokka zombie (D:8)
  11 rats
  2 briar patches (Swamp:4)
  3 crawling corpses
  A lurking horror (Abyss:3)
  3 plants (Snake:3)
  5 starspawn tentacles
  4 tentacles (Hell)
2733 creatures vanquished.

Vanquished Creatures (others)
  A centaur warrior (Depths:4)
  A dancing weapon (Elf:1)
  A hell hog (Hell)
  2 spriggan berserkers (Depths:5)
  A deep elf knight (Elf:1)
  A necromancer (Hell)
  3 deep elf magi
  2 yaktaurs
  2 air elementals (Elf:1)
  4 humans
  A human (shapeshifter) (Elf:1)
  A quasit (Abyss:3)
  A bush (Swamp:4)
  17 fungi
  A plant (Lair:4)
  3 starspawn tentacles
  2 tentacles (Hell)
  9 toadstools (D:3)
53 creatures vanquished.

Grand Total: 2786 creatures vanquished

Notes
Turn   | Place    | Note
-------+----------+-------------------------------------------
     0 | D:1      | HungryMoth the Draconian Transmuter began the quest for the
                  | Orb.
     0 | D:1      | Reached XP level 1. HP: 16/16 MP: 3/3
   287 | D:1      | Reached XP level 2. HP: 23/23 MP: 3/5
   866 | D:2      | Reached XP level 3. HP: 22/28 MP: 6/6
   873 | D:2      | HP: 1/28 [worm (9)]
  1291 | D:2      | Learned a level 2 spell: Sticks to Snakes
  1295 | D:2      | Learned a level 3 spell: Spider Form
  1446 | D:2      | Noticed Natasha
  1456 | D:2      | Killed Natasha
  1456 | D:2      | Reached XP level 4. HP: 24/36 MP: 3/8
  1644 | D:2      | Noticed Natasha
  1653 | D:2      | Killed Natasha
  1792 | D:2      | Found a runed translucent door.
  1793 | D:2      | Noticed Crazy Yiuf
  1870 | D:2      | Killed Crazy Yiuf
  1870 | D:2      | Reached XP level 5. HP: 23/41 MP: 5/9
  2203 | D:2      | Noticed Natasha
  2208 | D:2      | Killed Natasha
  2766 | D:3      | Found an opulent altar of Gozag.
  3119 | D:3      | Reached XP level 6. HP: 24/50 MP: 3/11
  3753 | D:4      | Learned a level 5 spell: Blade Hands
  3783 | D:4      | Found Popimus's Assorted Antiques.
  3920 | D:4      | Found a shadowy altar of Dithmenos.
  4165 | D:4      | Found a runed translucent door.
  4166 | D:4      | Noticed Pooter's ghost (amateur HOFE)
  4372 | D:5      | Entered Level 5 of the Dungeon
  4608 | D:5      | Reached skill level 4 in Unarmed Combat
  4648 | D:5      | Your scales start taking on a rich purple colour.
  4648 | D:5      | Reached XP level 7. HP: 48/57 MP: 8/14
  4684 | D:5      | Reached skill level 5 in Spellcasting
  5118 | D:5      | Learned a level 4 spell: Ice Form
  5353 | D:5      | Reached skill level 5 in Transmutations
  6389 | D:6      | Reached XP level 8. HP: 33/66 MP: 12/15
  6703 | D:6      | Found a burning altar of Makhleb.
  6703 | D:6      | Found an iron altar of Okawaru.
  7126 | D:6      | Reached skill level 5 in Unarmed Combat
  7249 | D:6      | Found a blossoming altar of Fedhas.
  7800 | D:7      | Reached skill level 5 in Fighting
  8008 | D:7      | Reached XP level 9. HP: 34/74 MP: 10/16
  8435 | D:7      | Found a staircase to the Ecumenical Temple.
  8507 | D:7      | Found a sacrificial altar of Ru.
  8631 | D:7      | Reached skill level 5 in Dodging
  8811 | D:8      | Noticed Grum
  8824 | D:7      | Reached skill level 6 in Unarmed Combat
  9015 | D:7      | Noticed Pikel
  9027 | D:7      | Killed Pikel
  9274 | D:8      | Noticed Erica
  9276 | D:8      | Noticed Maurice
 10094 | D:8      | Killed Grum
 10347 | Temple   | Entered the Ecumenical Temple
 10383 | Temple   | Became a worshipper of the Wu Jian Council
 10604 | D:8      | Killed Maurice
 10604 | D:8      | Reached XP level 10. HP: 63/84 MP: 8/17
 10668 | D:8      | Reached skill level 7 in Unarmed Combat
 10885 | D:8      | Reached * piety under Wu Jian
 10934 | D:8      | Found a hazy altar of Hepliaklqana.
 10939 | D:8      | Killed Erica
 10939 | D:8      | Reached skill level 10 in Transmutations
 10978 | D:8      | Noticed a two-headed ogre
 10991 | D:8      | HP: 1/86 [two-headed ogre/+0 giant club (10)]
 10993 | D:8      | Killed a two-headed ogre
 11395 | D:8      | Noticed an orange demon
 11449 | D:8      | Reached skill level 8 in Unarmed Combat
 11461 | D:8      | Reached XP level 11. HP: 46/94 MP: 14/18
 11918 | D:9      | Reached ** piety under Wu Jian
 12261 | D:9      | Noticed a two-headed ogre
 12267 | D:9      | Killed a two-headed ogre
 12319 | D:9      | Found a staircase to the Orcish Mines.
 12371 | D:9      | Reached *** piety under Wu Jian
 12943 | D:10     | Entered Level 10 of the Dungeon
 13017 | D:10     | Noticed a death yak
 13024 | D:10     | Noticed a death yak
 13027 | D:10     | Noticed a death yak
 13034 | D:10     | Killed a death yak
 13034 | D:10     | Reached skill level 9 in Unarmed Combat
 13034 | D:10     | Noticed a death yak
 13039 | D:10     | Killed a death yak
 13285 | D:9      | Killed a death yak
 13296 | D:10     | Killed a death yak
 13729 | D:10     | Noticed Nergalle
 13736 | D:10     | Killed Nergalle
 13761 | D:10     | Reached skill level 10 in Fighting
 13799 | D:10     | Reached **** piety under Wu Jian
 13838 | D:10     | Found a staircase to the Lair.
 13897 | D:10     | Noticed a two-headed ogre
 13902 | D:10     | Killed a two-headed ogre
 13902 | D:10     | Reached XP level 12. HP: 106/106 MP: 13/19
 14372 | D:11     | Noticed a death knight
 14389 | D:11     | Killed a death knight
 14389 | D:11     | Reached skill level 10 in Unarmed Combat
 14656 | D:11     | Noticed a two-headed ogre
 14662 | D:11     | Killed a two-headed ogre
 14738 | D:11     | Noticed a death knight
 14746 | D:11     | Killed a death knight
 14898 | Lair:1   | Entered Level 1 of the Lair of Beasts
 14919 | Lair:1   | Noticed a seven-headed hydra
 15570 | Lair:1   | Killed a seven-headed hydra
 15621 | Lair:1   | Noticed Gastronok
 15952 | Lair:1   | Killed Gastronok
 15952 | Lair:1   | Reached skill level 10 in Dodging
 15952 | Lair:1   | Reached skill level 11 in Unarmed Combat
 16161 | Lair:1   | Noticed Harold
 16171 | Lair:1   | Killed Harold
 17363 | Lair:3   | Reached XP level 13. HP: 91/117 MP: 20/20
 18222 | Lair:3   | Noticed Fannar
 18230 | Lair:3   | Killed Fannar
 18448 | Lair:3   | Reached skill level 12 in Unarmed Combat
 18918 | Lair:4   | Found a staircase to the Swamp.
 19269 | Lair:4   | Reached skill level 13 in Unarmed Combat
 19665 | Lair:3   | Reached ***** piety under Wu Jian
 19775 | Lair:4   | Reached skill level 14 in Unarmed Combat
 20146 | Lair:4   | Noticed Nessos
 20152 | Lair:4   | Killed Nessos
 20332 | Lair:4   | Noticed Urug
 20342 | Lair:4   | Killed Urug
 20626 | Lair:4   | Found a staircase to the Snake Pit.
 21595 | Lair:5   | Reached skill level 15 in Unarmed Combat
 21906 | Lair:5   | Found a staircase to the Slime Pits.
 22026 | Lair:6   | Entered Level 6 of the Lair of Beasts
 22031 | Lair:6   | Reached XP level 14. HP: 113/126 MP: 12/21
 23361 | Lair:6   | HP: 6/126 [steam dragon/ball of steam (3)]
 23949 | Lair:6   | Reached skill level 16 in Unarmed Combat
 24296 | Lair:6   | Found a large runed translucent door.
 24355 | Lair:6   | Found a large runed translucent door.
 25116 | Orc:1    | Entered Level 1 of the Orcish Mines
 25447 | Orc:1    | Found Luuh's Food Shoppe.
 25612 | Orc:1    | Found a frozen archway.
 25625 | IceCv    | Entered an ice cave
 25902 | IceCv    | Reached skill level 17 in Unarmed Combat
 26416 | IceCv    | Noticed a frost giant
 26592 | IceCv    | Killed a frost giant
 26712 | IceCv    | Found the -2 hat of the Alchemist {rElec rPois rF+ rC+ rN+
                  | MR+ rMut rCorr}
 26882 | Orc:1    | Paralysed by an orc sorcerer for 4 turns
 27124 | Orc:1    | Found a runed translucent door.
 27131 | Orc:1    | Found the +10 large shield of Ignorance {rN+ Int-4}
 27137 | Orc:1    | Found a runed translucent door.
 27192 | Orc:2    | Entered Level 2 of the Orcish Mines
 27213 | Orc:2    | Found a roughly hewn altar of Beogh.
 27273 | Orc:2    | Noticed Josephine
 27275 | Orc:2    | Found a runed translucent gate.
 27278 | Orc:2    | Found a runed translucent gate.
 27279 | Orc:2    | Found a runed translucent gate.
 27280 | Orc:2    | Killed Josephine
 27287 | Orc:2    | Noticed jasper's ghost (journeyman MiGl)
 27707 | Orc:2    | Reached ****** piety under Wu Jian
 28020 | Orc:2    | Reached skill level 18 in Unarmed Combat
 28048 | Orc:2    | Reached XP level 15. HP: 112/132 MP: 17/22
 28486 | Orc:2    | Noticed an orc warlord
 28699 | Orc:2    | Found a staircase to the Elven Halls.
 28849 | Orc:2    | Killed an orc warlord
 28858 | Orc:2    | Noticed Donald
 28869 | Orc:2    | Killed Donald
 29283 | Orc:2    | Found Ysara's General Store.
 29284 | Orc:2    | Found Sagra's Jewellery Shop.
 29285 | Orc:2    | Found Ynnoze's Antique Armour Boutique.
 29285 | Orc:2    | Found Sujil's Antique Weapon Boutique.
 29386 | Orc:2    | Killed jasper's ghost
 30713 | D:12     | Reached skill level 19 in Unarmed Combat
 31603 | D:13     | Found an ancient bone altar of Kikubaaqudgha.
 31959 | D:13     | Found the +3 warlock's mirror {reflect}
 32228 | D:13     | Reached skill level 20 in Unarmed Combat
 32571 | D:13     | Found a gate to the Vaults.
 32607 | D:14     | Found a portal to a secret trove of treasure.
 33122 | D:14     | Noticed Agnes
 33126 | D:14     | Killed Agnes
 33223 | D:14     | Found a runed translucent gate.
 33223 | D:14     | Found a runed translucent gate.
 33223 | D:14     | Found a runed translucent gate.
 33224 | D:14     | Found an opulent altar of Gozag.
 33225 | D:14     | Noticed Lasma's ghost (journeyman DrTm)
 33228 | D:14     | Found Fiuwor's Assorted Antiques.
 33271 | D:14     | Killed Lasma's ghost
 33271 | D:14     | Reached XP level 16. HP: 101/139 MP: 13/23
 33747 | D:15     | Entered Level 15 of the Dungeon
 33943 | D:15     | Found a shimmering altar of Xom.
 33943 | D:15     | Found a shimmering altar of Xom.
 33943 | D:15     | Found a shimmering altar of Xom.
 33944 | D:15     | Found a shimmering altar of Xom.
 33945 | D:15     | Found a shimmering altar of Xom.
 34067 | D:15     | Noticed Rupert
 34077 | D:15     | Killed Rupert
 34077 | D:15     | Reached skill level 21 in Unarmed Combat
 34517 | D:15     | Found a staircase to the Depths.
 35519 | Orc:2    | Bought an embroidered scarf for 240 gold pieces
 35726 | Snake:1  | Entered Level 1 of the Snake Pit
 36156 | Snake:1  | Noticed Aizul
 36163 | Snake:1  | Killed Aizul
 36778 | Snake:1  | Noticed Kirke
 36794 | Snake:1  | Killed Kirke
 37392 | Snake:1  | Reached skill level 22 in Unarmed Combat
 37559 | Snake:1  | Found Qysan's Jewellery Boutique.
 37561 | Snake:1  | Found Ysku's Gadget Emporium.
 37562 | Snake:1  | Found Mis Quti's Jewellery Boutique.
 37574 | Snake:1  | Bought a +6 ring of evasion for 1404 gold pieces
 37574 | Snake:1  | Bought the ring of Xom's Capriciousness {rN++ Stlth+} for
                  | 630 gold pieces
 38811 | Snake:2  | Identified a scroll of acquirement
 38938 | Snake:2  | Reached XP level 17. HP: 109/146 MP: 18/24
 39879 | Snake:3  | Reached skill level 23 in Unarmed Combat
 40252 | Snake:3  | Reached XP level 18. HP: 147/154 MP: 19/25
 41122 | Snake:4  | Entered Level 4 of the Snake Pit
 42183 | Snake:4  | Found Wyfyfo Ycyn's Food Shop.
 42688 | Snake:4  | Reached skill level 24 in Unarmed Combat
 43169 | Snake:4  | Found Gasher's Book Shoppe.
 43172 | Snake:4  | Found Bodaar's Antique Armour Emporium.
 43645 | Snake:4  | Got a serpentine rune of Zot
 43785 | Snake:4  | Reached XP level 19. HP: 160/160 MP: 24/29
 44363 | Snake:4  | Found Fyoffeno's Distillery.
 44366 | Snake:4  | Found a runed translucent door.
 44375 | Snake:4  | Noticed Anno's ghost (adept MfGl)
 44389 | Snake:4  | Killed Anno's ghost
 44781 | Elf:1    | Entered Level 1 of the Elven Halls
 44839 | Elf:1    | Found a flickering gateway to a bazaar.
 44878 | Bazaar   | Entered a bazaar
 44880 | Bazaar   | Found Ilipseoq's Armour Shop.
 44886 | Bazaar   | Found Gechaup's Assorted Antiques.
 44893 | Bazaar   | Found Xusiadghu's General Store.
 44926 | Bazaar   | Found Galofife's Magic Scroll Shop.
 44929 | Bazaar   | Found Ciwin's General Store.
 44944 | Bazaar   | Bought a scroll of acquirement for 416 gold pieces
 44955 | Bazaar   | Learned a level 7 spell: Dragon Form
 44962 | Bazaar   | Learned a level 6 spell: Statue Form
 45429 | Swamp:1  | Entered Level 1 of the Swamp
 46569 | Swamp:2  | Found an opulent altar of Gozag.
 47032 | Swamp:3  | Reached skill level 10 in Spellcasting
 47211 | Swamp:3  | Noticed Louise
 47228 | Swamp:3  | Killed Louise
 47653 | Swamp:3  | Found Riacyu's Island Escapes.
 47669 | Swamp:3  | Bought a scroll of blinking for 120 gold pieces
 47669 | Swamp:3  | Bought a scroll of teleportation for 48 gold pieces
 47669 | Swamp:3  | Bought a scroll of teleportation for 48 gold pieces
 47920 | Swamp:4  | Entered Level 4 of the Swamp
 47972 | Swamp:4  | Reached skill level 15 in Transmutations
 48107 | Swamp:4  | Noticed the 27-headed Lernaean hydra
 48219 | Swamp:4  | Killed the 27-headed Lernaean hydra
 48221 | Swamp:4  | Got a decaying rune of Zot
 48281 | Swamp:4  | Reached XP level 20. HP: 168/168 MP: 34/34
 48577 | Swamp:4  | Noticed Mara
 48584 | Swamp:4  | Noticed HungryMoth's illusion
 48589 | Swamp:4  | Noticed HungryMoth's illusion
 48620 | Swamp:4  | Killed Mara
 50365 | Elf:1    | Got a smoking tin ring
 50367 | Elf:1    | Identified the ring of Yruo {Str+2 Dex+6 Slay+4 Stlth-}
                  | (You acquired it on level 1 of the Elven Halls)
 50369 | Elf:1    | Got a faintly glowing ivory amulet
 50371 | Elf:1    | Identified the amulet "Ceedghet" {Regen+ Str+4} (You
                  | acquired it on level 1 of the Elven Halls)
 50373 | Elf:1    | Got a twitching iron ring
 50375 | Elf:1    | Identified the ring of Trepidation {+Inv rF+ Str+4 SInv
                  | Stlth+} (You acquired it on level 1 of the Elven Halls)
 50389 | Elf:1    | Got a brightly glowing copper ring
 50391 | Elf:1    | Identified the ring "Enuumon" {rPois rF+ rC- Int+4 Dex+4}
                  | (You acquired it on level 1 of the Elven Halls)
 50393 | Elf:1    | Got a fine bronze amulet
 50395 | Elf:1    | Identified the amulet "Ithryuh" {RegenMP Str+3 Dex+3 SInv
                  | Stlth+} (You acquired it on level 1 of the Elven Halls)
 51178 | Elf:2    | Found a runed translucent gate.
 51178 | Elf:2    | Found a runed translucent gate.
 51182 | Elf:2    | Found a runed translucent gate.
 51736 | Elf:3    | Entered Level 3 of the Elven Halls
 52356 | Elf:3    | Identified the +6 mace "Sotybleox" {crush, rPois}
 52801 | Elf:3    | Identified the ring "Iddeamoc" {*Tele Stlth+}
 52809 | Elf:3    | Reached XP level 21. HP: 174/174 MP: 35/35
 52932 | Elf:3    | Identified the ring of Kukief {rPois MR+ Str+2 Int+6}
 52938 | Elf:3    | Identified the ring of the Magpie {rElec rF- MP+9 Str-5
                  | Int+10}
 53114 | Elf:3    | Identified Icaoc Ziq's Guide on Helpful Poisoning
 53138 | Elf:3    | Identified the Collected Works on the Mutagenic Volcanoes
 53179 | Elf:3    | Identified the Volume of Feathers and Clay
 53468 | Vaults:1 | Entered Level 1 of the Vaults
 53482 | Vaults:1 | Found Wonucuih's Book Emporium.
 55393 | Vaults:2 | Reached skill level 25 in Unarmed Combat
 55827 | Vaults:3 | Reached XP level 22. HP: 187/187 MP: 30/36
 55932 | Vaults:3 | Found a staircase to the Crypt.
 56510 | Vaults:3 | Identified the +6 hand axe "Inwy" {flame, Int+7 Dex+9}
 56512 | Vaults:3 | Found Suisij's Weapon Shoppe.
 56636 | Vaults:3 | Found Visycen's Assorted Antiques.
 56644 | Vaults:3 | Bought a potion of cancellation for 336 gold pieces
 57096 | Vaults:3 | Found Xeocrai's Food Boutique.
 58314 | Vaults:4 | Got a heavily runed ivory amulet
 58315 | Vaults:4 | Identified the amulet of the Three Spirits {*Corrode rF+
                  | Regen+ Str+2} (You acquired it on level 4 of the Vaults)
 58317 | Vaults:4 | Got a faintly glowing platinum ring
 58318 | Vaults:4 | Identified the ring "Binityq" {Str+2 Int+5} (You acquired
                  | it on level 4 of the Vaults)
 58691 | Vaults:5 | Entered Level 5 of the Vaults
 58697 | Vaults:5 | Reached skill level 26 in Unarmed Combat
 58703 | Vaults:5 | Reached skill level 15 in Fighting
 58706 | Vaults:5 | Reached XP level 23. HP: 199/199 MP: 32/37
 58876 | Vaults:5 | Got a bound steel ring
 59240 | Vaults:5 | Identified the ring "Duhoom" {Wiz Dex+5} (You found it on
                  | level 5 of the Vaults)
 59762 | Vaults:5 | Got a silver rune of Zot
 60506 | Depths:1 | Entered Level 1 of the Depths
 60527 | Depths:1 | Reached skill level 27 in Unarmed Combat
 61132 | Depths:1 | Found a one-way gate to the infinite horrors of the Abyss.
 61171 | Depths:1 | Found a gateway to Hell.
 61222 | Depths:1 | Reached XP level 24. HP: 212/212 MP: 37/37
 62177 | Depths:2 | Reached skill level 15 in Dodging
 62745 | Vaults:1 | Bought a book of Annihilations for 1987 gold pieces
 62755 | Vaults:1 | Learned a level 9 spell: Glaciate
 62910 | Depths:2 | Found a one-way gate leading to the halls of Pandemonium.
 62915 | Depths:2 | You fall into a shaft and drop 2 floors!
 63093 | Depths:3 | Noticed a juggernaut
 63435 | Depths:3 | Killed a juggernaut
 63478 | Depths:3 | Noticed a juggernaut
 63485 | Depths:3 | Killed a juggernaut
 63496 | Depths:3 | Identified the amulet of Bisujuhe {+Rage rPois MR+++ Str-2
                  | SInv}
 63641 | Depths:3 | Identified the Handbook of Ashen Feathers
 63879 | Depths:2 | Noticed an ancient lich
 63886 | Depths:2 | Killed an ancient lich
 63898 | Depths:2 | Reached XP level 25. HP: 187/227 MP: 34/37
 64645 | Depths:2 | Identified the Compendium of Lethal Stones
 64895 | Depths:3 | Noticed Jory
 64899 | Depths:3 | Killed Jory
 65571 | Depths:4 | Found a gateway to a ziggurat.
 66075 | Depths:4 | Found a transporter.
 66131 | Depths:4 | Found a transporter.
 66208 | Depths:4 | Got a fine ruby amulet
 66223 | Depths:4 | Got a heavily runed glass ring
 66224 | Depths:4 | Identified the amulet "Lahairuy" {rC+ Regen+ SInv} (You
                  | found it on level 4 of the Depths)
 66225 | Depths:4 | Identified the ring of the Jester {+Blink rPois MP+9} (You
                  | found it on level 4 of the Depths)
 66796 | Depths:5 | Entered Level 5 of the Depths
 66805 | Depths:5 | Noticed Saint Roka
 66812 | Depths:5 | Killed Saint Roka
 67161 | Depths:5 | Reached XP level 26. HP: 239/239 MP: 37/37
 67328 | Depths:5 | Found a gate to the Realm of Zot.
 67604 | Depths:5 | Reached skill level 1 in Ice Magic
 67634 | Depths:5 | Found a bloodstained altar of Trog.
 67824 | Depths:4 | Voluntarily entered the Abyss.
 67918 | Abyss:1  | Reached skill level 1 in Conjurations
 68279 | Abyss:2  | Reached skill level 5 in Ice Magic
 68488 | Abyss:2  | Paralysed by accursed screaming for 1 turns
 68814 | Abyss:3  | Reached skill level 10 in Ice Magic
 68838 | Abyss:3  | Got an abyssal rune of Zot
 68961 | Abyss:3  | Reached skill level 5 in Conjurations
 69279 | Abyss:3  | Noticed an ancient lich
 69282 | Abyss:3  | Killed an ancient lich
 69363 | Depths:4 | Escaped the Abyss
 69711 | Slime:1  | Entered Level 1 of the Pits of Slime
 69864 | Slime:4  | Gained mutation: Potions are less effective at restoring
                  | your health. [a shining eye]
 69865 | Slime:4  | Gained mutation: You are frail. (-10% HP) [a shining eye]
 69879 | Slime:4  | Paralysed by a floating eye for 2 turns
 69883 | Slime:4  | Paralysed by a floating eye for 4 turns
 69935 | Slime:5  | Entered Level 5 of the Pits of Slime
 70106 | Slime:5  | Noticed Dissolution
 70107 | Slime:5  | Killed Dissolution
 70177 | Slime:5  | Found a viscous altar of Jiyva.
 70178 | Slime:5  | Noticed the Royal Jelly
 70185 | Slime:5  | Killed the Royal Jelly
 70185 | Slime:5  | Reached XP level 27. HP: 221/221 MP: 39/39
 70211 | Slime:5  | Identified the cursed -3 helmet "Mawk" {rC++ MR- Int+4}
                  | (You found it on level 5 of the Pits of Slime)
 70273 | Slime:5  | Got a slimy rune of Zot
 70719 | Hell     | Entered the Vestibule of Hell
 70719 | Hell     | Noticed Geryon
 70727 | Hell     | Killed Geryon
 70903 | Hell     | Found a gateway to the freezing wastes of Cocytus.
 70991 | Hell     | Found a gateway to the decaying netherworld of Tartarus.
 71446 | Hell     | Found a gateway to the Iron City of Dis.
 71492 | Hell     | Found a gateway to the ashen valley of Gehenna.
 71765 | D:14     | You paid a toll of the horn of Geryon to enter a treasure
                  | trove
 71766 | Trove    | Entered a treasure trove
 71795 | Trove    | Got a transparent turquoise ring
 71798 | Trove    | Identified the ring of the Six Ghosts {*Corrode rPois Str+3
                  | Int+5 Stlth+} (You found it in a treasure trove)
 71819 | Trove    | Identified the +2 pair of boots of an ice cave {+Fly} (You
                  | found it in a treasure trove)
 72010 | Depths:5 | Reached skill level 15 in Ice Magic
 72047 | Zot:1    | Entered Level 1 of the Realm of Zot
 72912 | Zot:2    | Reached skill level 10 in Conjurations
 73196 | Zot:2    | Found a huge runed gate.
 73197 | Zot:2    | Found a huge runed gate.
 73197 | Zot:2    | Found a huge runed gate.
 73199 | Zot:2    | Found a huge runed gate.
 73199 | Zot:2    | Found a huge runed gate.
 73199 | Zot:2    | Found a huge runed gate.
 73199 | Zot:2    | Found a huge runed gate.
 73208 | Zot:2    | Found a huge runed gate.
 73208 | Zot:2    | Found a huge runed gate.
 73209 | Zot:2    | Found a huge runed gate.
 73209 | Zot:2    | Found a huge runed gate.
 73209 | Zot:2    | Found a huge runed gate.
 73209 | Zot:2    | Found a huge runed gate.
 73228 | Zot:2    | Found a huge runed gate.
 73228 | Zot:2    | Found a huge runed gate.
 73228 | Zot:2    | Found a huge runed gate.
 73232 | Zot:2    | Found a huge runed gate.
 73233 | Zot:2    | Found a huge runed gate.
 73234 | Zot:2    | Found a huge runed gate.
 73234 | Zot:2    | Found a huge runed gate.
 73234 | Zot:2    | Found a huge runed gate.
 73234 | Zot:2    | Found a huge runed gate.
 73234 | Zot:2    | Found a huge runed gate.
 73235 | Zot:2    | Found a huge runed gate.
 73236 | Zot:2    | Found a huge runed gate.
 73252 | Zot:2    | Noticed an orb of fire
 73252 | Zot:2    | Noticed an ancient lich
 73253 | Zot:2    | Noticed an ancient lich
 73255 | Zot:2    | Killed an orb of fire
 73261 | Zot:2    | HP: 6/330 [death cob (13)]
 73267 | Zot:2    | HP: 6/330 [poisoned by an ancient lich (poison arrow)]
 73268 | Zot:2    | Slain by a death cob

Levels and vault maps discovered:
D:1:      minmay_arrival_checkered_box, layout_basic
D:2:      minmay_door_path, layout_basic, uniq_crazy_yiuf_cottage, uniq_natasha
D:3:      cheibrodos_fertilizer, layout_loops_cross, grunt_gozag_breadcrumbs,
          first_ration
D:4:      layout_cave_pools, gammafunk_ghost_grave, serial_shops, shop,
          nicolae_dithmenos_shadow_blocks
D:5:      layout_basic
D:6:      layout_loops_corners, fedhas_altar_2, amethyst_overflow_temple_binary,
          corexii_hall_statues_l
D:7:      layout_loops_ring, lemuel_round_altar,
          minmay_temple_entry_from_below_a, grunt_decor_arrowhead, uniq_pikel
D:8:      layout_rooms, lemuel_round_altar, special_room [special_room_kobold],
          uniq_grum, uniq_erica, uniq_maurice
D:9:      layout_roguey, kennysheep_orc_monster_closet_entryway, serial_curves,
          eino_curves_01, eino_curves_01, hangedman_decor_lopped
D:10:     layout_roguey, dpeg_lair_monsters, uniq_nergalle
D:11:     minmay_diamond_stairs, layout_basic
D:12:     layout_roguey, the_bakery, grunt_ministairs_3
D:13:     minmay_smoke_and_mirrors, layout_rooms, ximxim_vaults_locker_room,
          lemuel_altar_in_water
D:14:     layout_roguey, ebering_ghost_gozag, nicolae_trove_entry_free_sample,
          uniq_agnes
D:15:     grunt_enter_depths_hoard, layout_layer_cave,
          ebering_dispersal_statue_hall, xom_shifter_show, uniq_rupert
Temple:   eino_temple_rhombus
Lair:1:   layout_chaotic_city, gauntlet_entry_generic, st_stairs_4, pond,
          lemuel_fruit_tree, uniq_harold, uniq_gastronok
Lair:2:   wander_river, layout_chaotic_city
Lair:3:   layout_loops_ring, st_stairs_7, uniq_fannar
Lair:4:   layout_regular_city, skrybe_swamp_entry_bodies, dummy_snake_entry,
          grunt_megastairs_3, uniq_urug, uniq_nessos
Lair:5:   layout_misc_corridors, slime_dummy,
          eino_small_chamber_without_monster, lemuel_fruit_fields
Lair:6:   cheibrodos_lair_end_hotspot, layout_concentric_octagons,
          lemuel_fruit_fields
Swamp:1:  layout_basic_swamp, evilmike_swamp_ruin_house_4, grunt_hermit_hut,
          infiniplex_staircase_pool_2
Swamp:2:  layout_basic_swamp, nicolae_swamp_godswood
Swamp:3:  layout_falls_marsh, nicolae_swamp_treefoil, nicolae_island_escapes,
          uniq_louise
Swamp:4:  grunt_swamp_rune_castle, layout_basic_swamp, swamp_pool4, uniq_mara
Snake:1:  layout_layer_cave, guppyfry_snake_island, minmay_shop_grove,
          uniq_aizul, uniq_kirke
Snake:2:  layout_misc_corridors, st_stairs_10, hangedman_venom_bottle
Snake:3:  layout_chambers, grunt_ministairs_2, serial_bayou_shore_a
Snake:4:  johnstein_snake_rune_scales, layout_cave_pods, serial_shops,
          nicolae_shop_temple_entry_statues_fountains, shop,
          nicolae_shop_crystal, shop, special_room, ebering_ghost_inner_flame,
          st_stairs_11
Slime:1:  layout_caves
Slime:2:  layout_caves
Slime:3:  layout_caves
Slime:4:  layout_caves, basic_altar
Slime:5:  uniq_dissolution
Orc:1:    layout_caves, portal_ice_cave_rime, serial_shops, nicolae_shop_trees,
          chequers_guarded_unrand_ignorance
Orc:2:    st_orc_congregation, layout_diamond_mine, basic_altar,
          maelrawn_ghost_gauntlet_escape, uniq_josephine, uniq_donald
Elf:1:    layout_geoelf_octagon, serial_shops, freezing_bzr, minivault_28,
          onia_ninara_cookie
Elf:2:    layout_geoelf_octagon
Elf:3:    minmay_elf_hall_not_hex, layout_loops_corners, drop_trap
Vaults:1: nicolae_vaults_puzzle_piece, v_alt_pattern_3,
          nicolae_vaults_inception_statues, nicolae_vaults_circle_grid_b,
          v_misc_3, nicolae_vaults_little_squares_2, vaults_dpeg_ring,
          ontoclasm_vaults_eye, nicolae_vaults_sealed_display,
          dpeg_vaults_monster_box, layout_vaults_chaotic_city, serial_shops,
          shop
Vaults:2: hangedman_vaults_capsules, ontoclasm_vaults_ring_large, v_misc_14,
          hangedman_vaults_variations, v_misc_15,
          nicolae_vaults_little_squares_5, vaults_dpeg_cross,
          vaults_dpeg_encased_lava, st_spiral_rooms, vaults_room_pool,
          grunt_vaults_diagonal, v_misc_16, ontoclasm_vaults_chip,
          vaults_room_hallway, layout_vaults_maze_snakey
Vaults:3: grunt_vaults_focal, minmay_crypt_entry_simple_sparse,
          ontoclasm_vaults_chip, nicolae_vaults_network_periphery, v_misc_18,
          nicolae_vaults_display_case, hangedman_vaults_trim,
          vaults_room_grunt_arrival_ludios, layout_vaults_omnigrid,
          serial_shops, nicolae_shop_statue_plus, shop_statue,
          nicolae_shop_competitors_out_of_business, shop_fountains
Vaults:4: nicolae_vaults_big_angled_halls, hangedman_vaults_nodes,
          nicolae_vaults_little_squares_4, hangedman_vaults_corner_blocks,
          v_misc_10, vaults_room_door_ring, v_misc_10, nicolae_vaults_asterisk,
          vaults_standard_mumra_enter_the_diamond,
          nicolae_vaults_little_squares_6, v_misc_14, v_pattern_3, v_misc_8,
          v_misc_10, ontoclasm_vaults_shuriken, layout_vaults_omnibox
Vaults:5
Depths:1: layout_cross, hell_entry, minmay_room_of_horrors,
          minmay_misc_feat_encased, nrook_campfire, minmay_crystal_room
Depths:2: hangedman_pleasuredromes, hell_entry, pan_entry
Depths:3: minmay_nine_rooms, layout_gridlike, rand_demon_pan_entry_1,
          hell_entry, corexii_corridor_pit, minmay_staircase_statues_hall_large,
          uniq_jory
Depths:4: gammafunk_dig_for_victory, layout_basic, enter_ziggurat_a,
          grunt_pan_entry_spiral, serial_sigils_hangedman_etch, abyss_entry,
          grunt_hell_entry_dis_old, due_unseen_surprise,
          infiniplex_staircase_pillars_2
Depths:5: grunt_zot_entry_gee_three, layout_cave_pools, hell_entry, pan_entry,
          chequers_big_river, evilmike_spriggan_trog_shrine, uniq_saint_roka
Hell
Zot:1:    layout_misc_corridors
Zot:2:    layout_gridlike, door_vault

Skill      XL: |  1  2  3  4  5  6  7  8  9 10 11 12 13 14 15 16 17 18 19 20 21 22 23 24 25 26 27 |
---------------+----------------------------------------------------------------------------------+-----
Dodging        | 2 3 4 6 7 8 10 11 13 14 16 19 20 | 20.0
Fighting       | 2 3 4 5 6 8 10 11 12 13 15 16 19 20 | 20.0
Transmutations | 3 4 5 7 9 10 11 12 16 19 20 | 20.0
Spellcasting   | 3 4 5 6 10 12 14 | 14.4
Unarmed Combat | 4 5 6 8 9 11 15 18 20 22 23 24 25 26 27 | 27.0
Ice Magic      | 13 16 | 16.2
Conjurations   | 7 10 | 10.3

Action                   |  1- 3 |  4- 6 |  7- 9 | 10-12 | 13-15 | 16-18 | 19-21 | 22-24 | 25-27 || total
-------------------------+-------+-------+-------+-------+-------+-------+-------+-------+-------++-------
Melee: Unarmed           |    89 |   183 |   385 |   461 |  1126 |   722 |  1113 |   801 |  1078 ||  5958
       Kick              |     5 |       |       |       |       |       |       |       |       ||     5
       Tailslap          |     8 |     1 |    15 |    42 |   113 |    76 |   140 |   132 |   158 ||   685
       Headbutt          |     3 |       |     2 |       |       |       |       |       |       ||     5
       Punch             |     1 |       |     4 |    20 |    52 |    52 |    79 |    81 |   123 ||   412
       Staff             |       |       |       |    11 |    37 |    18 |     9 |     1 |     5 ||    81
       Bite              |       |       |       |       |       |       |    63 |    94 |    85 ||   242
 Cast: Beastly Appendage |    15 |       |     1 |     1 |       |       |       |       |       ||    17
       Spider Form       |     1 |    34 |    35 |       |       |       |     1 |     2 |       ||    73
       Sticks to Snakes  |       |       |     2 |       |       |       |       |       |       ||     2
       Blade Hands       |       |       |    10 |    48 |   124 |    77 |    38 |       |       ||   297
       Ice Form          |       |       |       |     3 |     8 |     2 |       |       |       ||    13
       Dragon Form       |       |       |       |       |       |       |    54 |    54 |    69 ||   177
Invok: Lunge             |       |       |     3 |    70 |   149 |    83 |   169 |   138 |   198 ||   810
       Whirlwind         |       |       |       |    66 |   257 |   126 |   224 |   210 |   289 ||  1172
       Wall Jump         |       |       |       |     5 |    22 |    21 |    11 |    10 |    12 ||    81
       Serpent's Lash    |       |       |       |     2 |     8 |     2 |     1 |     4 |     4 ||    21
       Heavenly Storm    |       |       |       |       |       |     1 |     1 |     2 |     6 ||    10
 Abil: Breathe Dispellin |       |       |     5 |     7 |     2 |     4 |     6 |     2 |     2 ||    28
       End Transformatio |       |       |     1 |       |     4 |     1 |     1 |     1 |       ||     8
       Evoke Berserk Rag |       |       |       |     1 |       |       |       |       |       ||     1
Evoke: Wand              |       |       |     1 |     3 |    14 |    11 |     1 |       |     4 ||    34
  Use: Potion            |       |     1 |     6 |       |     6 |    13 |     1 |     4 |     3 ||    34
       Scroll            |       |       |     5 |    14 |    10 |    12 |    15 |    11 |    12 ||    79
 Stab: Sleeping          |     1 |       |       |       |       |       |     1 |     1 |       ||     3
       Distracted        |       |       |       |       |     1 |       |     1 |     1 |     4 ||     7
  Eat: Chunk             |     2 |    15 |    19 |    26 |    41 |    21 |    34 |    27 |    21 ||   206
       Ration            |       |       |     3 |     5 |     3 |     4 |     2 |     1 |     3 ||    21
Armor: Skin              |    19 |    15 |    49 |    74 |   146 |    56 |   149 |   119 |   194 ||   821
Dodge: Dodged            |    35 |   156 |   331 |   274 |   508 |   556 |   397 |   194 |   335 ||  2786
       Deflected         |       |       |       |       |       |       |     2 |       |     1 ||     3
Block: Other             |       |       |       |       |       |       |    14 |    27 |    42 ||    83
       Reflection        |       |       |       |       |       |       |     1 |     8 |     8 ||    17

Table legend:
 A = Non-vault XP
 B = Vault XP
 C = Vault XP percentage of total XP
 D = Non-vault monster count
 E = Vault monster count
 F = Vault count percentage of total count
                 A         B        C        D         E       F
            +---------+---------+-------+---------+---------+-------
      Total |  802544 |  760863 |  48.7 |    1692 |    1011 |  37.4
            +---------+---------+-------+---------+---------+-------
        D:1 |      27 |       0 |   0.0 |      14 |       0 |   0.0
        D:2 |     169 |      83 |  32.9 |      30 |       7 |  18.9
        D:3 |      77 |      43 |  35.8 |      11 |      10 |  47.6
        D:4 |     146 |       0 |   0.0 |      16 |       0 |   0.0
        D:5 |     583 |       0 |   0.0 |      20 |       0 |   0.0
        D:6 |    1260 |       0 |   0.0 |      27 |       0 |   0.0
        D:7 |    1053 |    1112 |  51.4 |      31 |       5 |  13.9
        D:8 |    3309 |    3312 |  50.0 |      38 |      27 |  41.5
        D:9 |    2704 |    2778 |  50.7 |      26 |      21 |  44.7
       D:10 |    3007 |    3390 |  53.0 |      42 |       4 |   8.7
       D:11 |    8169 |    3087 |  27.4 |      44 |       7 |  13.7
       D:12 |    5167 |     342 |   6.2 |      28 |       3 |   9.7
       D:13 |    5756 |    8769 |  60.4 |      26 |      16 |  38.1
       D:14 |   11720 |    5841 |  33.3 |      50 |       7 |  12.3
       D:15 |    7896 |    4774 |  37.7 |      25 |       3 |  10.7
     Lair:1 |    3202 |    4917 |  60.6 |      15 |      10 |  40.0
     Lair:2 |    1485 |       0 |   0.0 |       7 |       0 |   0.0
     Lair:3 |    4571 |    1883 |  29.2 |      13 |       2 |  13.3
     Lair:4 |   10259 |    3816 |  27.1 |      21 |       6 |  22.2
     Lair:5 |    6879 |       0 |   0.0 |      20 |       0 |   0.0
     Lair:6 |    6845 |    8280 |  54.7 |      28 |      26 |  48.1
    Swamp:1 |    6843 |     855 |  11.1 |      21 |       1 |   4.5
    Swamp:2 |   11019 |       0 |   0.0 |      31 |       0 |   0.0
    Swamp:3 |   14171 |    1562 |   9.9 |      35 |       1 |   2.8
    Swamp:4 |   18905 |   30020 |  61.4 |      41 |      34 |  45.3
    Snake:1 |   20965 |    5349 |  20.3 |      38 |       8 |  17.4
    Snake:2 |   16988 |    8086 |  32.2 |      38 |      26 |  40.6
    Snake:3 |   20238 |    4642 |  18.7 |      33 |       9 |  21.4
    Snake:4 |   29258 |   38582 |  56.9 |      58 |      63 |  52.1
    Slime:1 |    3630 |       0 |   0.0 |       2 |       0 |   0.0
    Slime:2 |    3092 |       0 |   0.0 |      11 |       0 |   0.0
    Slime:3 |     746 |       0 |   0.0 |       1 |       0 |   0.0
    Slime:4 |   14135 |       0 |   0.0 |      18 |       0 |   0.0
    Slime:5 |    9529 |   41328 |  81.3 |      17 |      17 |  50.0
      Orc:1 |    5233 |    1783 |  25.4 |      49 |       7 |  12.5
      Orc:2 |    2897 |   16283 |  84.9 |      17 |      77 |  81.9
      Elf:1 |   13928 |   16261 |  53.9 |      24 |      29 |  54.7
      Elf:2 |   16414 |   22054 |  57.3 |      25 |      29 |  53.7
      Elf:3 |   10217 |   41491 |  80.2 |      17 |      28 |  62.2
   Vaults:1 |   43026 |    6878 |  13.8 |      73 |      22 |  23.2
   Vaults:2 |   38810 |   16194 |  29.4 |      62 |      26 |  29.5
   Vaults:3 |   30734 |   25195 |  45.0 |      49 |      37 |  43.0
   Vaults:4 |   41387 |   16466 |  28.5 |      69 |      22 |  24.2
   Vaults:5 |   13139 |  129138 |  90.8 |      15 |      95 |  86.4
   Depths:1 |   29926 |    4655 |  13.5 |      39 |      16 |  29.1
   Depths:2 |    1857 |  103598 |  98.2 |       7 |      90 |  92.8
   Depths:3 |   35542 |   45076 |  55.9 |      33 |      23 |  41.1
   Depths:4 |   47031 |   40245 |  46.1 |      50 |      45 |  47.4
   Depths:5 |   43057 |   29378 |  40.6 |      51 |      28 |  35.4
       Hell |   16245 |   34542 |  68.0 |      26 |      69 |  72.6
      Zot:1 |   36592 |       0 |   0.0 |      21 |       0 |   0.0
      Zot:2 |   28840 |    8760 |  23.3 |      19 |       1 |   5.0
    Abyss:1 |   11281 |       0 |   0.0 |      28 |       0 |   0.0
    Abyss:2 |   23004 |       0 |   0.0 |      49 |       0 |   0.0
    Abyss:3 |   59581 |   10373 |  14.8 |      93 |      18 |  16.2
      IceCv |       0 |    9642 | 100.0 |       0 |      36 | 100.0
            +---------+---------+-------+---------+---------+-------
